 Dungeon Crawl Stone Soup version 0.27-a0-1595-g0b823d0a13 (webtiles) character file.

Game seed: 17753125092940629983

35 HAL9000 the Sneak (level 3, -1/18 HPs)
             Began as a Vine Stalker Brigand on July 20, 2021.
             Slain by a gnoll (9 damage)
             ... on level 2 of the Dungeon.
             The game lasted 00:02:00 (1374 turns).

HAL9000 the Sneak (Vine Stalker Brigand)            Turns: 1374, Time: 00:02:01

Health: -1/18      AC:  3    Str: 14    XL:     3   Next: 35%
Magic:  0/4        EV: 11    Int: 11    God:
Gold:   70         SH:  0    Dex: 15    Spells: 2/2 levels left

rFire    . . .     SeeInvis .   a - +2 dagger
rCold    . . .     Faith    .   (no shield)
rNeg     . . .     Spirit   +   b - +0 robe
rPois    .         Reflect  .   (no helmet)
rElec    .         Harm     .   c - +0 cloak
rCorr    .         Rampage  .   (no gloves)
Will     .....                  (no boots)
Stlth    +++.......             (no amulet)
HPRegen  0.06/turn              (no ring)
MPRegen  0.09/turn              (no ring)

@: no status effects
A: fangs 2, magic shield, antimagic bite, no potion heal 2
a: no special abilities


You were on level 2 of the Dungeon.
You visited 1 branch of the dungeon, and saw 2 of its levels.

You collected 70 gold pieces.

Inventory:

Hand Weapons
 a - a +2 dagger (weapon)
 n - a +0 hunting sling of flaming
Missiles
 d - 4 poisoned darts (quivered)
 e - 2 curare-tipped darts
 o - 7 stones
Armour
 b - a +0 robe (worn)
 c - a +0 cloak (worn)
Scrolls
 f - a scroll of brand weapon {unknown}
 j - a scroll of fear {unknown}
 k - a scroll of blinking {unknown}
 l - a scroll of amnesia {unknown}
 m - a scroll of fog {unknown}
Potions
 g - a potion of might {unknown}
 h - a potion of curing {unknown}
 i - a potion of lignification {unknown}


   Skills:
 - Level 1.7 Fighting
 - Level 1.7 Short Blades
 + Level 3.3 Throwing
 - Level 0.7 Dodging
 - Level 4.8 Stealth


You had 2 spell levels left.
You didn't know any spells.
Your spell library was empty.

Dungeon Overview and Level Annotations

Branches:
Dungeon (2/15)

Altars:

Annotations:
D:2 Sigmund


Innate Abilities, Weirdness & Mutations

You have extremely sharp teeth.
When hurt, damage is shared between your health and your magic reserves.
Your bite disrupts and absorbs the magic of your enemies.
Potions cannot restore your health.


Message History

The jackal barely misses you.
There is a stone staircase leading up here.
You hit the jackal. You bite the jackal, but do no damage.
The jackal is almost dead.
The jackal closely misses you. The hobgoblin barely misses you.
You hit the jackal.
You kill the jackal!
The hobgoblin hits you.
You hit the hobgoblin. You bite the hobgoblin.
You kill the hobgoblin!
No target in view!
No target in view!
HP restored.
A gnoll comes into view. It is wielding a +0 halberd.
The gnoll moves out of view.
Found a scroll labelled FARCHA CUNI.
Found a stone staircase leading down.
m - a scroll labelled FARCHA CUNI A gnoll comes into view.
It is wielding a +0 whip.
You throw a poisoned dart. The poisoned dart hits the gnoll.
The gnoll is poisoned.
The gnoll shouts!
A gnoll comes into view. It is wielding a +0 halberd.
A gnoll comes into view. It is wielding a +0 flail.
You throw a poisoned dart.
The poisoned dart barely misses the gnoll.
The poisoned dart hits the gnoll!
The gnoll is poisoned.
The gnoll shouts! x2
You barely miss the gnoll. You bite the gnoll. You drain its power.
The gnoll is severely wounded.
The gnoll looks more healthy.
The gnoll hits you with a +0 whip!
You hit the gnoll but do no damage. Your bite misses the gnoll.
The gnoll is severely wounded.
The gnoll barely misses you. The gnoll closely misses you.
You hit the gnoll but do no damage. You bite the gnoll, but do no damage.
The gnoll is severely wounded.
The gnoll hits you with a +0 whip.
The gnoll hits you from afar with a +0 halberd!
Ouch! That really hurt!
You die...

#......)...<##..........
#.......................
#..........####.........
.♣.........# #.........
...........# #.........
...........# #.........
#.....)....# ##........
#..........#####........#
##
##########.#gg@..........#
.. #...g##...........#.#
#..#.. #g............###
#. ##. ................
g................##.
(g.............<....
(............####.#..
...>.......... ... ....


You could see 4 gnolls.

Vanquished Creatures
  A dart slug (D:1)
  2 ball pythons
  2 endoplasms
  2 giant cockroaches (D:1)
  6 hobgoblins
  8 jackals
  A quokka (D:1)
  A frilled lizard (D:1)
  2 goblins
  2 rats (D:1)
27 creatures vanquished.

Notes
Turn   | Place    | Note
-------+----------+-------------------------------------------
     0 | D:1      | HAL9000 the Vine Stalker Brigand began the quest for the
                  | Orb.
     0 | D:1      | Reached XP level 1. HP: 11/11 MP: 2/2
   171 | D:1      | Reached XP level 2. HP: 13/15 MP: 3/3
   720 | D:1      | Reached XP level 3. HP: 18/18 MP: 4/4
  1043 | D:2      | Noticed Sigmund
  1374 | D:2      | Slain by a gnoll

Illustrated notes

Levels and vault maps discovered:
D:1:      eino_arrival_cavern_a, layout_loops_cross
D:2:      layout_rooms, ebering_ecumenical_altar_mist, serial_shops,
          nicolae_shop_trees, uniq_robin, uniq_sigmund

Skill      XL: |  1  2 |
---------------+-------+-----
Throwing       | 2 3 |  3.3
Fighting       | |  1.7
Short Blades   | |  1.7
Dodging        | |  0.7
Stealth        | |  4.8

Action                   || total
-------------------------++-------
Melee: Dagger            ||    73
       Bite              ||    14
Throw: Dart              ||     6
 Stab: Sleeping          ||     4
Armor: Robe              ||    19
Dodge: Dodged            ||    62

Table legend: (Time is in decaauts)
 A = Elapsed time spent in this place.
 B = Non-inter-level travel time spent in this place.
 C = Inter-level travel time spent in this place.
 D = Time resting spent in this place.
 E = Time spent auto-exploring this place.
 F = Levels seen in this place.
 G = Mean time per level.
                   A        B        C        D        E       F      G
               +--------+--------+--------+--------+--------+-----+--------+
         Total |   1368 |   1298 |     70 |    161 |    962 |   2 |  684.0 |
       Dungeon |   1368 |   1298 |     70 |    161 |    962 |   2 |  684.0 |
               +--------+--------+--------+--------+--------+-----+--------+

Top non-repeatable levels by time:
     D:1: 1245 daAuts
     D:2: 123 daAuts
